SL
NEW JERSEY FENIX @ PHILADELPHIA 1776 BC
10/04/2034
 
TOP OF THE 1ST
New Jersey Fenix batting - Pitching for Philadelphia 1776 BC : RHP Elroy Thompkins
Pitching: RHP Elroy Thompkins
Batting: LHB Alexis Raimbault 0-0: Ball
1-0: Swinging Strike
1-1: Ball
2-1: Foul Ball, location: 2F
2-2: Strikes out looking
Batting: LHB Josh Platt 0-0: Called Strike
0-1: Foul Ball, location: 2F
0-2: Strikes out swinging
Batting: RHB Bobby Butterfield 0-0: Ball
1-0: Foul Ball, location: 2F
1-1: Ground out 1-3 (Groundball, 13)
Top of the 1st over - 0 runs, 0 hits, 0 errors, 0 left on base; New Jersey 0 - Philadelphia 1776 0
BOTTOM OF THE 1ST
Philadelphia 1776 BC batting - Pitching for New Jersey Fenix : RHP Maru Pao Pao
Pitching: RHP Maru Pao Pao
Batting: RHB Jesús Guzmán 0-0: Ball
1-0: Called Strike
1-1: Ground out 6-3 (Groundball, 6D)
Batting: LHB Jake Grant 0-0: Fly out, F6 (Popup, 6M)
Batting: RHB Karl Blanke 0-0: Called Strike
0-1: Foul Ball, location: 2F
0-2: Ball
1-2: Strikes out swinging
Bottom of the 1st over - 0 runs, 0 hits, 0 errors, 0 left on base; New Jersey 0 - Philadelphia 1776 0
TOP OF THE 2ND
New Jersey Fenix batting - Pitching for Philadelphia 1776 BC : RHP Elroy Thompkins
Batting: LHB Javier Sánchez 0-0: Swinging Strike
0-1: Ball
1-1: Foul Ball, location: 2F
1-2: SINGLE (Groundball, 3D)
Batting: SHB Shiki Sanu 0-0: Ball
1-0: Called Strike
1-1: Ball
2-1: Ball
3-1: Called Strike
3-2: Base on Balls
Javier Sánchez to second
Batting: LHB Pedro Gutiérrez 0-0: Called Strike
0-1: Foul Ball, location: 2F
0-2: Strikes out swinging
Batting: RHB José Carlos Pérez 0-0: Ball
1-0: 3-RUN HOME RUN (Flyball, 7LD), Distance : 352 ft
Batting: LHB Elian Gonzalez 0-0: Fly out, F9 (Flyball, 89D)
Batting: RHB Takashi Miike 0-0: Ball
1-0: Ball
2-0: Foul Ball, location: 2F
2-1: Swinging Strike
2-2: Ball
3-2: Fly out, F3 (Popup, 3SF)
Top of the 2nd over - 3 runs, 2 hits, 0 errors, 0 left on base; New Jersey 3 - Philadelphia 1776 0
BOTTOM OF THE 2ND
Philadelphia 1776 BC batting - Pitching for New Jersey Fenix : RHP Maru Pao Pao
Batting: LHB Manoo Satyavrat 0-0: Ball
1-0: Ball
2-0: Ball
3-0: Base on Balls
Batting: RHB Eddie Sachs 0-0: Ball
Manoo Satyavrat steals 2nd base
1-0: Foul Ball, location: 2F
1-1: Ball
2-1: DOUBLE (Flyball, 8RXD)
Manoo Satyavrat scores
Batting: RHB Phil Moore 0-0: Ball
1-0: Foul Ball, location: 2F
1-1: Foul Ball, location: 2F
1-2: Ball
2-2: Ball
3-2: Base on Balls
Batting: SHB Sam Quint 0-0: Called Strike
0-1: Swinging Strike
0-2: Ball
1-2: Ball
Wild Pitch!
Eddie Sachs to third
Phil Moore to second
2-2: Ground out 6-3 (Groundball, 6)
Eddie Sachs scores
Batting: RHB Tim Burney 0-0: Ball
1-0: Fly out, F6 (Line Drive, 6)
Batting: LHB Hai-feng Tang 0-0: Fly out, F8 (Flyball, 78D)
Bottom of the 2nd over - 2 runs, 1 hit, 0 errors, 1 left on base; New Jersey 3 - Philadelphia 1776 2
TOP OF THE 3RD
New Jersey Fenix batting - Pitching for Philadelphia 1776 BC : RHP Elroy Thompkins
Batting: LHB Alexis Raimbault 0-0: Ball
1-0: Foul Ball, location: 2F
1-1: Called Strike
1-2: Ground out 4-3 (Groundball, 4M)
Batting: LHB Josh Platt 0-0: Ball
1-0: Called Strike
1-1: Ball
2-1: Foul Ball, location: 2F
2-2: Ball
3-2: SINGLE (Groundball, 34S) (infield hit)
Batting: RHB Bobby Butterfield 0-0: Ball
1-0: Called Strike
1-1: Swinging Strike
1-2: Strikes out swinging
Batting: LHB Javier Sánchez 0-0: Called Strike
0-1: Swinging Strike
0-2: Ball
1-2: Ground out 4-3 (Groundball, 4S)
Top of the 3rd over - 0 runs, 1 hit, 0 errors, 1 left on base; New Jersey 3 - Philadelphia 1776 2
BOTTOM OF THE 3RD
Philadelphia 1776 BC batting - Pitching for New Jersey Fenix : RHP Maru Pao Pao
Batting: RHB Jesús Guzmán 0-0: Ball
1-0: Called Strike
1-1: Called Strike
1-2: Ground out U3 (Groundball, 34S)
Batting: LHB Jake Grant 0-0: Ball
1-0: Foul Ball, location: 2F
1-1: Ball
2-1: Fly out, F7 (Line Drive, 7S)
Batting: RHB Karl Blanke 0-0: Ball
1-0: Called Strike
1-1: Swinging Strike
1-2: Foul Ball, location: 2F
1-2: Foul Ball, location: 2F
1-2: Ball
2-2: Ball
3-2: Fly out, F9 (Line Drive, 9D)
Bottom of the 3rd over - 0 runs, 0 hits, 0 errors, 0 left on base; New Jersey 3 - Philadelphia 1776 2
TOP OF THE 4TH
New Jersey Fenix batting - Pitching for Philadelphia 1776 BC : RHP Elroy Thompkins
Batting: SHB Shiki Sanu 0-0: Ball
1-0: Called Strike
1-1: Ball
2-1: Ball
3-1: Foul Ball, location: 2F
3-2: Base on Balls
Batting: LHB Pedro Gutiérrez 0-0: Foul Ball, location: 2F
0-1: Ball
1-1: Called Strike
1-2: SINGLE (Groundball, 4MD)
Shiki Sanu to second
Batting: RHB José Carlos Pérez 0-0: Ball
1-0: Ball
2-0: 3-RUN HOME RUN (Flyball, 7D), Distance : 393 ft
Pitching: RHP Bill Tugwell
Batting: LHB Elian Gonzalez 0-0: Reached on error, E6 (Popup, 6)
Batting: RHB Takashi Miike 0-0: Called Strike
0-1: Called Strike
Pickoff Throw to First - Out!
0-2: Ground out 6-3 (Groundball, 6)
Batting: LHB Alexis Raimbault 0-0: SINGLE (Groundball, 34D)
Batting: LHB Josh Platt 0-0: Ball
1-0: Ball
2-0: Ball
3-0: Called Strike
3-1: Foul Ball, location: 2F
3-2: Foul Ball, location: 2F
3-2: Strikes out swinging
Top of the 4th over - 3 runs, 3 hits, 1 error, 1 left on base; New Jersey 6 - Philadelphia 1776 2
BOTTOM OF THE 4TH
Philadelphia 1776 BC batting - Pitching for New Jersey Fenix : RHP Maru Pao Pao
Batting: LHB Manoo Satyavrat 0-0: Foul Ball, location: 2F
0-1: Foul Ball, location: 2F
0-2: Ball
1-2: Ball
2-2: Foul Ball, location: 2F
2-2: Foul Ball, location: 2F
2-2: Strikes out swinging
Batting: RHB Eddie Sachs 0-0: Ball
1-0: Swinging Strike
1-1: Called Strike
1-2: Ball
2-2: Fly out, F5 (Popup, 56S)
Batting: RHB Phil Moore 0-0: Foul Ball, location: 2F
0-1: Ball
1-1: Ball
2-1: Ball
3-1: SINGLE (Line Drive, 9S)
Batting: SHB Sam Quint 0-0: Ball
1-0: Ground out 1-3 (Groundball, 13S)
Bottom of the 4th over - 0 runs, 1 hit, 0 errors, 1 left on base; New Jersey 6 - Philadelphia 1776 2
TOP OF THE 5TH
New Jersey Fenix batting - Pitching for Philadelphia 1776 BC : RHP Bill Tugwell
Batting: RHB Bobby Butterfield 0-0: Ball
1-0: Foul Ball, location: 2F
1-1: Called Strike
1-2: Reached on error, E5 (Groundball, 5)
Batting: LHB Javier Sánchez 0-0: Ball
1-0: Foul Ball, location: 2F
1-1: Foul Ball, location: 2F
1-2: Strikes out swinging
Batting: SHB Shiki Sanu 0-0: Ball
1-0: Ball
2-0: Ball
3-0: Called Strike
3-1: Swinging Strike
3-2: Strikes out swinging
Batting: LHB Pedro Gutiérrez 0-0: Ball
1-0: Called Strike
Bobby Butterfield steals 2nd base
1-1: Ball
2-1: Foul Ball, location: 2F
2-2: DOUBLE (Flyball, 89D)
Bobby Butterfield scores
Batting: RHB José Carlos Pérez 0-0: Ball
1-0: Called Strike
1-1: Ball
2-1: Called Strike
2-2: Ball
3-2: Ground out 4-3 (Groundball, 4)
Top of the 5th over - 1 run, 1 hit, 1 error, 1 left on base; New Jersey 7 - Philadelphia 1776 2
BOTTOM OF THE 5TH
Philadelphia 1776 BC batting - Pitching for New Jersey Fenix : RHP Maru Pao Pao
Batting: RHB Tim Burney 0-0: SOLO HOME RUN (Flyball, 9D), Distance : 383 ft
Batting: LHB Hai-feng Tang 0-0: Called Strike
0-1: Foul Ball, location: 2F
0-2: Ball
1-2: Ball
2-2: Ground out 1-3 (Groundball, 13)
Batting: RHB Jesús Guzmán 0-0: Ball
1-0: Called Strike
1-1: Called Strike
1-2: Ball
2-2: Ground out 3-1 (Groundball, 34)
Batting: LHB Jake Grant 0-0: Called Strike
0-1: Foul Ball, location: 2F
0-2: Ball
1-2: Strikes out looking
Bottom of the 5th over - 1 run, 1 hit, 0 errors, 0 left on base; New Jersey 7 - Philadelphia 1776 3
TOP OF THE 6TH
New Jersey Fenix batting - Pitching for Philadelphia 1776 BC : RHP Bill Tugwell
Batting: LHB Elian Gonzalez 0-0: Called Strike
0-1: Ground out U3 (Groundball, 3)
Batting: RHB Takashi Miike 0-0: Called Strike
0-1: Ball
1-1: Foul Ball, location: 2F
1-2: Strikes out looking
Batting: LHB Alexis Raimbault 0-0: Called Strike
0-1: Swinging Strike
0-2: Ball
1-2: Ball
2-2: Strikes out swinging
Top of the 6th over - 0 runs, 0 hits, 0 errors, 0 left on base; New Jersey 7 - Philadelphia 1776 3
BOTTOM OF THE 6TH
Philadelphia 1776 BC batting - Pitching for New Jersey Fenix : RHP Maru Pao Pao
Batting: RHB Karl Blanke 0-0: Ball
1-0: SINGLE (Groundball, 56S) (infield hit)
Batting: LHB Manoo Satyavrat 0-0: Called Strike
0-1: Foul Ball, location: 2F
0-2: Foul Ball, location: 2F
0-2: Ball
1-2: Ball
2-2: SINGLE (Line Drive, 7S)
Karl Blanke to second
Batting: RHB Eddie Sachs 0-0: Swinging Strike
0-1: Ball
1-1: SINGLE (Groundball, 56D)
Karl Blanke to third
Manoo Satyavrat to second
Batting: RHB Phil Moore 0-0: Ball
1-0: Grounds into double play, 6-4-3 (Groundball, 6)
Karl Blanke scores
Manoo Satyavrat to third
Batting: SHB Sam Quint 0-0: Called Strike
0-1: Ground out U3 (Groundball, 3L)
Bottom of the 6th over - 1 run, 3 hits, 0 errors, 1 left on base; New Jersey 7 - Philadelphia 1776 4
TOP OF THE 7TH
New Jersey Fenix batting - Pitching for Philadelphia 1776 BC : RHP Bill Tugwell
Batting: LHB Josh Platt 0-0: Ball
1-0: Ball
2-0: Ground out U3 (Groundball, 3)
Batting: RHB Bobby Butterfield 0-0: Swinging Strike
0-1: Swinging Strike
0-2: Strikes out looking
Batting: LHB Javier Sánchez 0-0: Foul Ball, location: 2F
0-1: Ball
1-1: Foul Ball, location: 2F
1-2: Foul Ball, location: 2F
1-2: Ball
2-2: Foul Ball, location: 2F
2-2: Foul Ball, location: 2F
2-2: Strikes out swinging
Top of the 7th over - 0 runs, 0 hits, 0 errors, 0 left on base; New Jersey 7 - Philadelphia 1776 4
BOTTOM OF THE 7TH
Philadelphia 1776 BC batting - Pitching for New Jersey Fenix : RHP Maru Pao Pao
Batting: RHB Tim Burney 0-0: Called Strike
0-1: Foul Ball, location: 2F
0-2: Ball
1-2: Ball
2-2: Ball
3-2: Base on Balls
Batting: LHB Hai-feng Tang 0-0: Ball
1-0: Ball
2-0: Ball
3-0: Called Strike
3-1: Fielders Choice at 2nd, 4-6 (Groundball, 4)
Batting: RHB Jesús Guzmán 0-0: Ball
1-0: Called Strike
1-1: SINGLE (Line Drive, 6MD)
Hai-feng Tang to second
Batting: LHB Jake Grant 0-0: Fielders Choice at 2nd, 1-4 (Groundball, 15S)
Hai-feng Tang to third
Batting: RHB Karl Blanke 0-0: Fly out, F7 (Flyball, 7)
Bottom of the 7th over - 0 runs, 1 hit, 0 errors, 2 left on base; New Jersey 7 - Philadelphia 1776 4
TOP OF THE 8TH
New Jersey Fenix batting - Pitching for Philadelphia 1776 BC : RHP Bill Tugwell
Batting: SHB Shiki Sanu 0-0: Swinging Strike
0-1: SOLO HOME RUN (Flyball, 9D), Distance : 377 ft
Batting: LHB Pedro Gutiérrez 0-0: Called Strike
0-1: Ball
1-1: Called Strike
1-2: Ground out 6-3 (Groundball, 6)
Batting: RHB José Carlos Pérez 0-0: Ball
1-0: Ball
2-0: Called Strike
2-1: Swinging Strike
2-2: Foul Ball, location: 2F
2-2: Ball
3-2: SINGLE (Groundball, 56D)
Batting: LHB Elian Gonzalez 0-0: Ball
1-0: SINGLE (Line Drive, 8RM)
José Carlos Pérez to second
Runner from 2nd tries for 3rd, SAFE after rundown.
Pitching: LHP Will Hoffman
Batting: RHB Takashi Miike 0-0: Ball
1-0: Foul Ball, location: 2F
1-1: Called Strike
1-2: Ball
2-2: Ball
3-2: Fly out, F2 (Popup, 23F)
Batting: LHB Alexis Raimbault 0-0: Ball
Wild Pitch!
José Carlos Pérez scores
Elian Gonzalez to second
1-0: Swinging Strike
1-1: Called Strike
1-2: Strikes out swinging
Top of the 8th over - 2 runs, 3 hits, 0 errors, 1 left on base; New Jersey 9 - Philadelphia 1776 4
BOTTOM OF THE 8TH
Philadelphia 1776 BC batting - Pitching for New Jersey Fenix : RHP Maru Pao Pao
Batting: LHB Manoo Satyavrat 0-0: Swinging Strike
0-1: Called Strike
0-2: Foul Ball, location: 2F
0-2: Ball
1-2: Strikes out swinging
Batting: RHB Eddie Sachs 0-0: SINGLE (Groundball, 6MD)
Pitching: RHP Jimmy O'Flahavan
Batting: RHB Phil Moore 0-0: Called Strike
0-1: Foul Ball, location: 2F
0-2: Strikes out swinging
Batting: SHB Sam Quint 0-0: Called Strike
0-1: Swinging Strike
0-2: Ball
1-2: Foul Ball, location: 2F
1-2: Foul Ball, location: 2F
1-2: Fly out, F9 (Flyball, 9S)
Bottom of the 8th over - 0 runs, 1 hit, 0 errors, 1 left on base; New Jersey 9 - Philadelphia 1776 4
TOP OF THE 9TH
New Jersey Fenix batting - Pitching for Philadelphia 1776 BC : LHP Will Hoffman
Batting: LHB Josh Platt 0-0: Called Strike
0-1: Swinging Strike
0-2: Foul Ball, location: 2F
0-2: Ball
1-2: Ball
2-2: Fly out, F3 (Line Drive, 3)
Batting: RHB Bobby Butterfield 0-0: Foul Ball, location: 2F
0-1: Fly out, F3 (Popup, 3)
Batting: LHB Javier Sánchez 0-0: Ball
1-0: Ball
2-0: Fly out, F6 (Popup, 6S)
Top of the 9th over - 0 runs, 0 hits, 0 errors, 0 left on base; New Jersey 9 - Philadelphia 1776 4
BOTTOM OF THE 9TH
Philadelphia 1776 BC batting - Pitching for New Jersey Fenix : RHP Jimmy O'Flahavan
Now at 1B: Michael Cochran
Batting: RHB Tim Burney 0-0: Called Strike
0-1: Foul Ball, location: 2F
0-2: Fly out, F7 (Flyball, 7S)
Batting: LHB Hai-feng Tang 0-0: Foul Ball, location: 2F
0-1: Swinging Strike
0-2: Strikes out swinging
Batting: RHB Jesús Guzmán 0-0: Ball
1-0: Called Strike
1-1: Ball
2-1: Foul Ball, location: 2F
2-2: Foul Ball, location: 2F
2-2: Ball
3-2: Fly out, F8 (Flyball, 8LXD)
Bottom of the 9th over - 0 runs, 0 hits, 0 errors, 0 left on base; New Jersey 9 - Philadelphia 1776 4
Friday, March 29th, 2019 - OOTP Baseball 18.8 Build 76